 Dungeon Crawl Stone Soup version 0.22-a0-99-g1ac4c55 (webtiles) character file.

359 dududu the Caller (level 6, -1/44 HPs)
             Began as a Mummy Summoner on Jan 25, 2018.
             Slain by a centaur (4 damage)
             ... on level 5 of the Dungeon.
             The game lasted 00:20:48 (4291 turns).

dududu the Caller (Mummy Summoner)                  Turns: 4291, Time: 00:20:50

Health: -1/44      AC:  2    Str: 12    XL:     6   Next: 37%
Magic:  1/11       EV: 11    Int: 19    God:
Gold:   189        SH:  3    Dex: 12    Spells: 2/12 levels left

rFire    x . .     SeeInvis +   a - +2 dagger (venom)
rCold    + . .     Gourm    .   t - +0 buckler
rNeg     + + +     Faith    .   l - +0 robe (curse)
rPois    ∞         Spirit   .   (no helmet)
rElec    .         Reflect  .   (no cloak)
rCorr    .         Harm     .   (no gloves)
MR       .....                  (no boots)
Stlth    ++........             (no amulet)
HPRegen  0.14/turn              c - ring of see invisible
MPRegen  0.12/turn              n - +3 ring of intelligence

@: no status effects
A: no food or potions, fire vulnerability, cold resistance 1, negative energy
resistance 3, torment resistance, unbreathing
a: no special abilities


You were on level 5 of the Dungeon.
You were not hungry.

You visited 1 branch of the dungeon, and saw 5 of its levels.

You collected 189 gold pieces.

Inventory:

Hand Weapons
 a - a +2 dagger of venom (weapon)
 b - a +2 hunting sling
 w - a +1 short sword of freezing
Missiles
 e - 116 stones (quivered)
 f - 2 javelins
 o - 31 sling bullets
Armour
 d - a +0 ring mail
 k - a +1 robe
 l - a cursed +0 robe (worn)
 q - a cursed +0 ring mail
 t - a +0 buckler (worn)
Jewellery
 c - a ring of see invisible (left hand)
 n - a +3 ring of intelligence (right hand)
 s - an uncursed amulet of harm {unknown}
Wands
 p - a wand of enslavement (19)
Scrolls
 g - a scroll of enchant armour
 i - 5 scrolls of remove curse
 m - a scroll of fear
 r - 4 scrolls of magic mapping
 u - a scroll of enchant weapon
 v - a scroll of teleportation {unknown}
Books
 h - a book of Cantrips

   Spells                             Type                      Level
   a - Confusing Touch                Hexes                        1
   b - Animate Skeleton               Necromancy                   1
   c - Summon Small Mammal            Summoning                    1
   d - Apportation                    Translocation                1
 j - a book of Callings

   Spells                             Type                      Level
   a - Summon Small Mammal            Summoning                    1
   b - Call Imp                       Summoning                    2
   c - Call Canine Familiar           Summoning                    3
   d - Summon Guardian Golem          Hexes/Summoning              3
   e - Summon Lightning Spire         Summoning/Air                4
   f - Summon Ice Beast               Ice/Summoning                4


   Skills:
 - Level 2.0 Fighting
 - Level 2.0 Dodging
 - Level 2.0 Stealth
 * Level 0.5 Shields
 - Level 3.5 Spellcasting
 + Level 5.0 Summonings
 + Level 2.1 Air Magic


You had 2 spell levels left.
You knew the following spells:

 Your Spells              Type           Power        Failure   Level  Hunger
a - Summon Small Mammal   Summ           ###.         2%          1    N/A
b - Call Imp              Summ           ###.....     4%          2    N/A
c - Call Canine Familiar  Summ           ###.....     9%          3    N/A
d - Summon Lightning Spi  Summ/Air       ###.....     45%         4    N/A

Dungeon Overview and Level Annotations

Branches:
Dungeon (5/15)
 Temple: D:4-7

Altars:
Kikubaaqudgha
Okawaru
Wu Jian
Zin

Shops:
D:4 [

Annotations:
D:3 1 runed door


Innate Abilities, Weirdness & Mutations

You do not eat or drink.
Your flesh is vulnerable to fire.
You are immune to poison.
Your flesh is cold resistant. (rC+)
You are immune to negative energy. (rN+++)
You are immune to unholy pain and torment.
You can survive without breathing.


Message History

Your hound bites the centaur.
You hit the centaur but do no damage.
The centaur is poisoned.
The centaur is lightly wounded.
You block the centaur's attack.
Your hound closely misses the centaur.
The centaur hits you but does no damage.
Your hound bites the centaur but does no damage.
You hit the centaur.
The centaur is moderately wounded.
The centaur hits you.
* * * LOW HITPOINT WARNING * * *
Your hound barely misses the centaur.
You can't drink.
Unknown command.
You hit the centaur.
The centaur looks as sick as possible!
The centaur is heavily wounded.
The centaur completely misses you.
Your hound bites the centaur but does no damage.
Your crimson imp blinks!
The centaur hits you.
You die...

.......#.#.#.....(...........#
##.#.#.#.#.#...............#.#
#.#.#.. #.#.5.........#####.#
# #...................#
c......####..###### #....#
#..# #'# #..# #(### #..# #§@c#
#..# ########h###..#########
#.......(..#>.........#
#.##########.########.# #.#
#.# #.# #.# #. #.# #.# #######
#.# #.# #.....# #.# #.#
#.###.# #.#


You could see a centaur, a friendly hound and a friendly crimson imp.

Vanquished Creatures
  The ghost of sankara the Sneak, an amateur DrEn (D:3)
  A centaur (D:5)
  An orc wizard (D:5)
  A hound (D:5)
  4 orcs
  A giant cockroach (D:4)
  5 goblins
  5 hobgoblins
  A quokka (D:5)
  2 bats
  2 frilled lizards
  3 kobolds
  2 leopard gecko skeletons (D:4)
  A quokka skeleton (D:5)
  3 rats
33 creatures vanquished.

Vanquished Creatures (collateral kills)
  A crimson imp (D:5)
  2 orc wizards
  A worker ant (D:3)
  6 adders
  5 orcs (D:3)
  2 giant cockroaches
  5 goblins
  4 hobgoblins
  4 kobolds
  A quokka (D:3)
  A bat (D:1)
  A rat (D:2)
33 creatures vanquished.

Vanquished Creatures (others)
  An orc priest (D:5)
1 creature vanquished.

Grand Total: 67 creatures vanquished

Notes
Turn   | Place    | Note
-------+----------+-------------------------------------------
     0 | D:1      | dududu the Mummy Summoner began the quest for the Orb.
     0 | D:1      | Reached XP level 1. HP: 13/13 MP: 4/4
  1131 | D:2      | Noticed an ogre
  1272 | D:2      | Reached XP level 2. HP: 13/19 MP: 2/5
  1430 | D:2      | Learned a level 2 spell: Call Imp
  1672 | D:2      | Reached XP level 3. HP: 20/25 MP: 0/7
  2043 | D:3      | Noticed sankara's ghost (amateur DrEn)
  2052 | D:3      | Killed sankara's ghost
  2052 | D:3      | Reached skill level 1 in Fighting
  2052 | D:3      | Reached skill level 4 in Summonings
  2052 | D:3      | Reached XP level 4. HP: 28/33 MP: 1/8
  2163 | D:3      | Learned a level 3 spell: Call Canine Familiar
  2426 | D:3      | Reached XP level 5. HP: 33/38 MP: 1/9
  2436 | D:3      | Learned a level 4 spell: Summon Lightning Spire
  3024 | D:3      | Found a runed door.
  3064 | D:3      | Reached skill level 1 in Air Magic
  3229 | D:4      | Found an iron altar of Okawaru.
  3239 | D:4      | Found Nasodo's Antique Armour Boutique.
  3576 | D:5      | Entered Level 5 of the Dungeon
  3576 | D:5      | Noticed an ogre
  3831 | D:5      | Found a glowing silver altar of Zin.
  3832 | D:5      | Found an ornate altar of the Wu Jian Council.
  3840 | D:5      | Found an ancient bone altar of Kikubaaqudgha.
  3914 | D:5      | Noticed a centaur
  3935 | D:5      | Killed a centaur
  3935 | D:5      | Reached XP level 6. HP: 36/44 MP: 11/11
  4058 | D:5      | Reached skill level 5 in Summonings
  4291 | D:5      | Slain by a centaur

Vault maps used:
D:1:      dpeg_arrival_connections
D:2:      hex_large
D:3:      cheibrodos_greedy_goblins, first_ration, minmay_misc_feat_chi,
          kennysheep_generic_room_15, uniq_crazy_yiuf_cottage
D:4:      nicolae_overflow_crystal_walls, serial_shops, shop
D:5:      gammafunk_temple_overflow_forgotten, led_sif_pool,
          minmay_temple_entry_butterflies

Skill      XL: |  1  2  3  4  5  6 |
---------------+-------------------+-----
Spellcasting   | 3 |  3.5
Stealth        | 2 |  2.0
Dodging        | 2 |  2.0
Fighting       | 1 2 |  2.0
Summonings     | 4 5 |  5.0
Air Magic      | 2 |  2.1
Shields        | |  0.5

Action                   |  1- 3 |  4- 6 || total
-------------------------+-------+-------++-------
Melee: Dagger            |     8 |    41 ||    49
       Short sword       |    13 |    18 ||    31
 Fire: Hunting sling     |    13 |    37 ||    50
 Cast: Summon Small Mamm |    28 |       ||    28
       Call Imp          |     6 |    15 ||    21
       Call Canine Famil |       |    16 ||    16
Evoke: Wand              |       |     1 ||     1
  Use: Scroll            |     1 |     7 ||     8
 Stab: Sleeping          |     2 |       ||     2
Armor: Robe              |     7 |    12 ||    19
Dodge: Dodged            |    18 |    42 ||    60
Block: Buckler           |       |     3 ||     3

Table legend:
 A = Spawn XP
 B = Non-spawn XP
 C = Spawn XP percentage of total XP
 D = Spawn monster count
 E = Non-spawn monster count
 F = Spawn count percentage of total count
 G = Total turns spent on level
                    A         B        C        D         E        F      G
               +---------+---------+-------+---------+---------+-------+---------
         Total |       0 |     514 |   0.0 |       0 |      66 |   0.0 |  4291
               +---------+---------+-------+---------+---------+-------+---------
           D:1 |       0 |      10 |   0.0 |       0 |       9 |   0.0 |  1170
           D:2 |       0 |      35 |   0.0 |       0 |      12 |   0.0 |   899
           D:3 |       0 |     238 |   0.0 |       0 |      33 |   0.0 |  1063
           D:4 |       0 |       7 |   0.0 |       0 |       4 |   0.0 |   549
           D:5 |       0 |     224 |   0.0 |       0 |       8 |   0.0 |   610
               +---------+---------+-------+---------+---------+-------+---------
